 Dungeon Crawl Stone Soup version 0.29-a0-923-g6e406bff71 (webtiles) character file.

Game seed: 934311720482358545

968 LynnLen the Ruffian (level 7, -7/57 HPs)
             Began as a Black Draconian Transmuter on July 28, 2022.
             Mangled by an ogre
             ... wielding a +0 giant club
              (12 damage)
             ... on level 5 of the Dungeon.
             The game lasted 00:12:13 (4738 turns).

LynnLen the Ruffian (Black Draconian Transmuter)    Turns: 4738, Time: 00:12:14

Health: -7/57      AC:  6    Str: 12    XL:     7   Next: 93%
Magic:  12/13      EV: 12    Int: 16    God:
Gold:   257        SH:  0    Dex: 11    Spells: 4/14 levels left

rFire   . . .      SeeInvis .     - Unarmed
rCold   . . .      Faith    .   (no shield)
rNeg    . . .      Spirit   .   (body armour unavailable)
rPois   .          Reflect  .   (helmet currently unavailable)
rElec   +          Harm     .   (no cloak)
rCorr   .          Rampage  .   (no gloves)
Will    .....                   (boots currently unavailable)
Stlth   +.........              (no amulet)
HPRegen 0.19/turn               d - ring of flight
MPRegen 0.13/turn               (no ring)

@: appendages (expiring), flying
A: horns 2, talons 2, breathe lightning, AC +6, unfitting armour, electricity
resistance, cold-blooded
a: Breathe Lightning, End Transformation


You were on level 5 of the Dungeon.
You had temporarily grown beastly horns and talons.
You visited 1 branch of the dungeon, and saw 5 of its levels.

You collected 301 gold pieces.
You spent 44 gold pieces at shops.

Inventory:

Jewellery
 a - a +6 ring of dexterity
 d - a ring of flight (left hand)
Wands
 i - a wand of light (8)
 o - a wand of charming (15)
 p - a wand of flame (18)
Scrolls
 c - a scroll of amnesia
 k - 2 scrolls of enchant weapon
 n - a scroll of torment {unknown}
 q - a scroll of blinking {unknown}
Potions
 f - 2 potions of haste
 g - a potion of magic
 h - a potion of might
 j - a potion of attraction
 l - a potion of ambrosia {unknown}
 m - 2 potions of lignification


   Skills:
 * Level 3.4 Fighting
 + Level 2.9 Dodging
 * Level 6.8 Unarmed Combat
 * Level 4.1 Spellcasting
 + Level 3.3 Transmutations
 * Level 1.9 Ice Magic


You had 4 spell levels left.
You knew the following spells:

 Your Spells              Type           Power      Damage    Failure   Level
a - Beastly Appendage     Tmut           26%        N/A       4%          1
b - Wereblood             Tmut           13%        N/A       6%          2
c - Spider Form           Tmut/Pois      8%         N/A       26%         3
d - Ice Form              Ice/Tmut       11%        N/A       50%         4

Your spell library contained the following spells:

 Spells                   Type           Power      Damage    Failure   Level


Dungeon Overview and Level Annotations

Branches:
Dungeon (5/15)
 Temple: D:4-7

Altars:
Hepliaklqana
Kikubaaqudgha
Okawaru

Shops:
D:1 *


Innate Abilities, Weirdness & Mutations

You have temporarily grown beastly horns and talons.
You can breathe wild blasts of lightning.
Your glossy black scales are hard. (AC +6)
You cannot fit into any form of body armour.
You are resistant to electric shocks. (rElec)
You are cold-blooded and may be slowed by cold attacks.


Message History

You headbutt the gnoll, but do no damage.
The gnoll is heavily wounded.
You hit the gnoll. You claw the gnoll.
You kill the gnoll!
Things that are here:
a +0 whip of electrocution; a +0 spear; a gnoll corpse Your transformation is almost over.
Your horns disappear.
Your talons disappear.
Things that are here:
a +0 flail; a gnoll skeleton
Found 6 stones.
k - 2 scrolls of enchant weapon (gained 1)
Found a leather armour.
Found a stone staircase leading down.
Found a robe.
Found a stone staircase leading up.
There is a stone staircase leading down here.
You see here a +0 robe.
An ogre comes into view. It is wielding a +0 giant club.
The ogre shouts!
You see here a +6 ring of dexterity.
An ogre is nearby!
a - a +6 ring of dexterity You see here a +0 robe.
There is a stone staircase leading down here.
Casting: Beastly Appendage (safe; 4% risk of failure)
Press: ? - help, Q - select action, (/) - cycle Dir - look around, f - activate You grow a pair of large bovine horns.
Your feet morph into talons.
The ogre hits you with a +0 giant club!!
You barely miss the ogre. Your kick misses the ogre. You headbutt the ogre!
The ogre is moderately wounded.
The ogre hits you with a +0 giant club!!
* * * LOW HITPOINT WARNING * * *
You hit the ogre.
The ogre is heavily wounded.
You hit the ogre. You headbutt the ogre.
The ogre is heavily wounded.
Your transformation is almost over.
The ogre hits you with a +0 giant club!
You die...

#.#.....###...###....
###.#...........# #..<.
#...#.#.........###....
####........>..#.#........
#..(...#..#.##...#..##....
.....##...........#.....
#.###...##)##..........
###...[>.###......[#.....
#.....##@# ..............
..<.###...O..##..........|.
.## #.....#####...........
#..#..... #............
........................
###.....................
#.....................
#.................[..)
...........)


You could see an ogre.

Vanquished Creatures
  Sigmund (D:2)
  A water moccasin (D:5)
  A black bear (D:5)
  A phantom (D:5)
  A necrophage (D:4)
  2 scorpions (D:4)
  A howler monkey (D:3)
  A jelly (D:4)
  A gnoll bouda (D:5)
  An iguana (D:4)
  2 orc wizards
  Robin (D:2)
  6 gnolls (D:5)
  4 adders
  2 worms
  3 dart slugs
  9 orcs
  9 endoplasms
  A giant cockroach (D:3)
  12 goblins
  6 hobgoblins
  3 quokkas
  5 ball pythons
  2 bats (D:3)
  A frilled lizard (D:1)
  5 kobolds
  5 rats (D:2)
87 creatures vanquished.

Notes
Turn   | Place    | Note
-------+----------+-------------------------------------------
     0 | D:1      | LynnLen the Draconian Transmuter began the quest for the
                  | Orb.
     0 | D:1      | Reached XP level 1. HP: 16/16 MP: 3/3
   130 | D:1      | Found Xymaig's Assorted Antiques.
   283 | D:1      | You fall into a shaft and drop 1 floor!
   366 | D:1      | Reached XP level 2. HP: 21/23 MP: 3/5
   369 | D:1      | Learned a level 2 spell: Wereblood
   697 | D:1      | Bought a scroll of identify for 44 gold pieces
   722 | D:2      | Noticed Robin
  1169 | D:2      | Reached XP level 3. HP: 8/28 MP: 4/6
  1386 | D:2      | Found a faded altar of an unknown god.
  1597 | D:2      | Noticed Sigmund
  1606 | D:2      | Killed Sigmund
  1607 | D:2      | Reached skill level 4 in Unarmed Combat
  1607 | D:2      | Reached XP level 4. HP: 30/36 MP: 5/8
  1607 | D:2      | Reached XP level 5. HP: 34/41 MP: 5/9
  1797 | D:2      | Killed Robin
  2104 | D:3      | Learned a level 3 spell: Spider Form
  2109 | D:3      | Learned a level 4 spell: Ice Form
  2320 | D:3      | Reached skill level 5 in Unarmed Combat
  2320 | D:3      | Reached XP level 6. HP: 45/50 MP: 8/10
  3197 | D:4      | Found a faded altar of an unknown god.
  3197 | D:4      | Found an ancient bone altar of Kikubaaqudgha.
  3207 | D:4      | Found an iron altar of Okawaru.
  3210 | D:4      | Found a faded altar of an unknown god.
  3213 | D:4      | Found a hazy altar of Hepliaklqana.
  3422 | D:4      | Your scales start taking on a glossy black colour.
  3422 | D:4      | Reached XP level 7. HP: 32/56 MP: 12/12
  3422 | D:4      | Gained mutation: You are resistant to electric shocks.
                  | (rElec) [Black Draconian growth]
  3610 | D:4      | Reached skill level 1 in Ice Magic
  3625 | D:4      | Reached skill level 6 in Unarmed Combat
  4008 | D:5      | Entered Level 5 of the Dungeon
  4738 | D:5      | Mangled by an ogre

Illustrated notes

Levels and vault maps discovered:
D:1:      lightli_arrival_maybe_door_vault, layout_basic, serial_shops, shop,
          dk_noncrumbling_3
D:2:      layout_loops_ring, shapermc_ecumenical_altar_starsandcircs,
          grunt_decor_fettered, uniq_sigmund, uniq_robin
D:3:      layout_loops_corners
D:4:      layout_cave_pods, chequers_temple_overflow_minitemple
D:5:      minmay_chambers_of_fours, layout_rooms

Skill      XL: |  1  2  3  4  5  6  7 |
---------------+----------------------+-----
Fighting       | 2 3 |  3.4
Dodging        | 2 |  2.9
Unarmed Combat | 4 5 6 |  6.8
Spellcasting   | 3 4 |  4.1
Transmutations | 3 |  3.3
Ice Magic      | 1 |  1.9

Action                   |  1- 3 |  4- 6 |  7- 9 || total
-------------------------+-------+-------+-------++-------
Melee: Unarmed           |    70 |   113 |    52 ||   235
       Kick              |     9 |    16 |    19 ||    44
       Tailslap          |     8 |     8 |     4 ||    20
       Headbutt          |     5 |    15 |    10 ||    30
       Punch             |     1 |     2 |     1 ||     4
 Cast: Beastly Appendage |    16 |    17 |     8 ||    41
       Wereblood         |       |     3 |     2 ||     5
  Use: Scroll            |     7 |     4 |     4 ||    15
       Potion            |       |     2 |     4 ||     6
 Stab: Sleeping          |     1 |       |       ||     1
Armor: Skin              |    20 |    42 |    19 ||    81
Dodge: Dodged            |    41 |    74 |    55 ||   170

Table legend: (Time is in decaauts)
 A = Elapsed time spent in this place.
 B = Non-inter-level travel time spent in this place.
 C = Inter-level travel time spent in this place.
 D = Time resting spent in this place.
 E = Time spent auto-exploring this place.
 F = Levels seen in this place.
 G = Mean time per level.
                   A        B        C        D        E       F      G
               +--------+--------+--------+--------+--------+-----+--------+
         Total |   4722 |   4722 |      0 |    619 |   2640 |   5 |  944.4 |
       Dungeon |   4722 |   4722 |      0 |    619 |   2640 |   5 |  944.4 |
               +--------+--------+--------+--------+--------+-----+--------+

Top non-repeatable levels by time:
     D:4: 1216 daAuts
     D:2: 1173 daAuts
     D:3: 944 daAuts
     D:1: 880 daAuts
     D:5: 507 daAuts
